 Dungeon Crawl Stone Soup version 0.31-a0-188-g5e087ee2ca (webtiles) character file.

Game seed: 10879789630690102711

114 qw the Skirmisher (level 4, 0/25 HPs)
             Began as a Deep Elf Hunter on June 23, 2023.
             Killed from afar by Natasha (8 damage)
             ... with a magic dart
             ... on level 3 of the Dungeon.
             The game lasted 00:00:34 (1563 turns).

qw the Skirmisher (Deep Elf Hunter)                 Turns: 1563, Time: 00:00:35

Health: 0/25       AC:  6    Str: 10    XL:     4   Next: 66%
Magic:  6/6        EV: 11    Int: 14    God:
Gold:   120        SH:  0    Dex: 18    Spells: 3/3 levels left

rFire   . . .        Y - +0 shortbow
rCold   . . .        (shield currently unavailable)
rNeg    . . .        d - +0 ring mail
rPois   .            (no helmet)
rElec   .            (no cloak)
rCorr   .            h - +0 pair of gloves
SInv    .            (no boots)
Will    .....        (no amulet)
Stlth   +            (no ring)
HPRegen 0.24/turn    (no ring)
MPRegen 0.10/turn

%: no passive effects
@: no status effects
A: no striking features
a: no special abilities


You were on level 3 of the Dungeon.
You visited 1 branch of the dungeon, and saw 3 of its levels.

You collected 172 gold pieces.
You spent 52 gold pieces at shops.


   Skills:
 - Level 1.5 Fighting
 + Level 8.1 Ranged Weapons
 - Level 2.4 Dodging
 - Level 1.2 Stealth


You had 3 spell levels left.
You didn't know any spells.
Your spell library was empty.

Inventory:

Hand Weapons
 Y - a +0 shortbow (weapon)
Armour
 d - a +0 ring mail (worn)
 h - a +0 pair of gloves (worn)
Scrolls
 c - a scroll of poison {unknown}
 i - a scroll of identify
Potions
 a - a potion of haste {unknown}
 e - 3 potions of curing
 f - a potion of mutation {unknown}
 g - 2 potions of cancellation

Dungeon Overview and Level Annotations

Branches:
Dungeon (3/15)

Altars:

Shops:
D:2 [[

Annotations:
D:3 Natasha


Message History

The hobgoblin hits you but does no damage.
Ijyb hits you with a +0 club.
Natasha, Servant of Life and Death comes into view.
1554 ||| DRINKING potion of heal wounds.
You feel much better. Ijyb barely misses you. The hobgoblin closely misses you.
You shoot an arrow. The arrow hits Ijyb but does no damage.
Ijyb is almost dead.
Ijyb hits you with a +0 club. The hobgoblin barely misses you.
You shoot an arrow. The arrow closely misses Ijyb.
Natasha casts a spell.
Ijyb hits you but does no damage.
The hobgoblin hits you but does no damage.
1557 ||| Stepping ~*~*~tactically~*~*~ (outnumbered).
You shoot an arrow. The arrow hits the hobgoblin.
The hobgoblin is moderately wounded.
The hobgoblin misses you.
You shoot an arrow. The arrow closely misses Ijyb.
The cerulean imp hits you from afar with a +1 spear.
The hobgoblin closely misses you. Ijyb hits you but does no damage.
The cerulean imp hits you from afar with a +1 spear.
You shoot an arrow. The arrow hits Ijyb!
You kill Ijyb!
The hobgoblin barely misses you.
The cerulean imp hits you but does no damage.
Your Ranged Weapons skill increases to level 8!
You shoot an arrow. The arrow hits the hobgoblin.
You kill the hobgoblin!
Natasha barely misses you. The cerulean imp closely misses you.
You shoot an arrow. The arrow hits Natasha!
Natasha is severely wounded.
Natasha claws you! The cerulean imp closely misses you.
You shoot an arrow. The arrow hits Natasha.
Natasha is almost dead.
Natasha stares at you and mumbles some strange words.
The magic dart hits you.
The cerulean imp hits you but does no damage.
Natasha casts a spell at you. The magic dart hits you!
You die...

##...# 8...8 #...#
## #...##8###8
##..........
#8..........
#...5...h.. #.h%#
##..@## #8...8#
##...## . # #...#
#.##. ##...## #....
#8...8# ###.#
##...## #### #....
#...#######......#..
###...........####..


You could see Natasha and a cerulean imp (summoned).

Vanquished Creatures
  Ijyb (D:3)
  Natasha (D:3)
  An adder (D:2)
  13 ball pythons
  4 bats
  3 endoplasms
  3 giant cockroaches
  4 goblins
  3 hobgoblins
  3 jackals (D:3)
  5 quokkas
  3 frilled lizards
  4 kobolds
  6 rats
54 creatures vanquished.

Notes
Turn   | Place    | Note
-------+----------+-------------------------------------------
     0 | D:1      | qw the Deep Elf Hunter began the quest for the Orb.
     0 | D:1      | Reached XP level 1. HP: 12/12 MP: 3/3
     0 | D:1      | 0 ||| qw: Version: 0.3-a-9-g12657ce
     0 | D:1      | 0 ||| qw: Game counter: 3721
     0 | D:1      | 0 ||| qw: Always use a shield: true
     0 | D:1      | 0 ||| qw: God list: Okawaru
     0 | D:1      | 0 ||| qw: Allow faded altars: false
     0 | D:1      | 0 ||| qw: Do Orc after D:15 true
     0 | D:1      | 0 ||| qw: Do second Lair branch before Depths: true
     0 | D:1      | 0 ||| qw: Lair rune preference: random
     0 | D:1      | 0 ||| qw: Plans: Normal
     0 | D:1      | 0 ||| PLANNING D:1-11
    90 | D:1      | Reached XP level 2. HP: 16/16 MP: 4/4
   104 | D:1      | Reached skill level 6 in Ranged Weapons
   653 | D:1      | 653 ||| UPGRADING to +0 pair of gloves.
   658 | D:1      | 658 ||| READING scroll labelled POYLETO WUGAVEO.
   659 | D:1      | 659 ||| DRINKING 2 bubbling yellow potions.
   660 | D:1      | 660 ||| DRINKING 2 green potions.
   661 | D:1      | 661 ||| DROPPING scroll of butterflies.
   769 | D:2      | Reached XP level 3. HP: 20/20 MP: 5/5
   860 | D:2      | Found Piomo's Armour Emporium.
   868 | D:2      | 868 ||| BUYING +0 ring mail (52 gold).
   868 | D:2      | Bought a +0 ring mail for 52 gold pieces
   868 | D:2      | 868 ||| SHOPLISTING +2 scale mail of cold resistance (273
                  | gold, have 29).
   868 | D:2      | 868 ||| SHOPLISTING +3 ring mail (273 gold, have 29).
   963 | D:2      | Reached skill level 7 in Ranged Weapons
  1155 | D:2      | Found Cacugoc's Armour Emporium.
  1166 | D:2      | 1166 ||| SHOPLISTING +0 fire dragon scales "Wuammodgh"
                  | {rF++ rC- Int+3 Slay+3} (944 gold, have 29).
  1166 | D:2      | 1166 ||| SHOPLISTING +0 robe of fire resistance (84 gold,
                  | have 29).
  1166 | D:2      | 1166 ||| SHOPLISTING +3 scale mail of poison resistance
                  | (253 gold, have 29).
  1166 | D:2      | 1166 ||| SHOPLISTING +5 robe of Misfortune {Harm *Corrode
                  | *Slow EV+5} (467 gold, have 29).
  1323 | D:2      | 1323 ||| UPGRADING to +0 ring mail.
  1333 | D:2      | 1333 ||| DROPPING +0 leather armour.
  1334 | D:2      | 1334 ||| READING scroll labelled HEUTAQ JEROGHI.
  1335 | D:2      | 1335 ||| READING scroll labelled LOIMIVAKAO.
  1336 | D:2      | 1336 ||| READING scroll labelled SISARCH BYERYX.
  1337 | D:2      | 1337 ||| DRINKING 2 fuming amethyst potions.
  1353 | D:3      | Noticed Natasha
  1358 | D:3      | Killed Natasha
  1359 | D:3      | Reached XP level 4. HP: 25/25 MP: 6/6
  1548 | D:3      | Noticed Ijyb
  1553 | D:3      | HP: 4/25 [Ijyb/+0 club (3)]
  1553 | D:3      | Noticed Natasha
  1554 | D:3      | 1554 ||| DRINKING potion of heal wounds.
  1557 | D:3      | 1557 ||| Stepping ~*~*~tactically~*~*~ (outnumbered).
  1560 | D:3      | Killed Ijyb
  1561 | D:3      | Reached skill level 8 in Ranged Weapons
  1563 | D:3      | Killed from afar by Natasha

Levels and vault maps discovered:
D:1:      reono_arrival_mine, layout_loops_ring
D:2:      layout_basic, serial_shops, shop, shop, kennysheep_path_1
D:3:      layout_rooms, mainiacjoe_overflow_divided_tiny, serial_corexii_hall,
          corexii_hall_statues_t, chequers_hall_statues_y, grunt_ministairs_1,
          minmay_fractal_squares_diagonal_5, uniq_ijyb, uniq_natasha

Skill      XL: |  1  2  3  4 |
---------------+-------------+-----
Ranged Weapons | 6 7 8 |  8.1
Fighting       | |  1.5
Dodging        | |  2.4
Stealth        | |  1.2

Action                     |  1- 3 |  4- 6 || total
---------------------------+-------+-------++-------
   Fire: Shortbow          |    84 |    39 ||   123
    Use: Potion            |     3 |     1 ||     4
         Scroll            |     4 |       ||     4
 Armour: Leather armour    |     4 |       ||     4
         Ring mail         |     1 |     6 ||     7
  Dodge: Dodged            |    14 |    10 ||    24

Table legend:
 A = Non-vault XP
 B = Vault XP
 C = Vault XP percentage of total XP
 D = Non-vault monster count
 E = Vault monster count
 F = Vault count percentage of total count
                 A         B        C        D         E       F
            +---------+---------+-------+---------+---------+-------
      Total |      85 |      78 |  47.9 |      47 |       7 |  13.0
            +---------+---------+-------+---------+---------+-------
        D:1 |      34 |       0 |   0.0 |      23 |       0 |   0.0
        D:2 |      35 |       0 |   0.0 |      14 |       0 |   0.0
        D:3 |      16 |      78 |  83.0 |      10 |       7 |  41.2
            +---------+---------+-------+---------+---------+-------
